 Dungeon Crawl Stone Soup version 0.20.1-1-g8b1a95d (webtiles) character file.

359 letownia2 the Grave Robber (level 6, 0/49 HPs)
             Began as a Deep Dwarf Necromancer on Nov 13, 2017.
             Was an Initiate of Gozag.
             Slain by a hornet zombie (11 damage)
             ... on level 5 of the Dungeon.
             The game lasted 00:06:35 (2102 turns).

letownia2 the Grave Robber (Deep Dwarf Necromancer) Turns: 2102, Time: 00:06:36

Health: 0/49       AC:  3    Str: 12    XL:     6   Next: 37%
Magic:  11/11      EV: 12    Int: 17    God:    Gozag
Gold:   14         SH:  0    Dex: 13    Spells: 7/11 levels left

rFire    . . .     SeeInvis .   a - +1 whip (elec)
rCold    . . .     Gourm    .   (no shield)
rNeg     . . .     Faith    .   n - +0 leather armour
rPois    .         Spirit   .   (no helmet)
rElec    .         Reflect  .   (no cloak)
rCorr    .         Harm     .   (no gloves)
MR       .....                  (no boots)
Stlth    ++........             (no amulet)
Regen    0.0/turn               (no ring)
MPRegen  0.2/turn               (no ring)

@: non-regenerating
A: damage resistance, heal wounds, sense surroundings 1, no regeneration
a: Heal Wounds, Potion Petition, Call Merchant, Bribe Branch, Renounce Religion


You were on level 5 of the Dungeon.
You worshipped Gozag.
Gozag was noncommittal.
You were hungry.

You visited 2 branches of the dungeon, and saw 6 of its levels.

You collected 87 gold pieces.
You paid 73 gold pieces to Gozag.

Inventory:

Hand Weapons
 a - a +1 whip of electrocution (weapon)
 g - a +0 hunting sling
 m - a +1 morningstar of draining
 o - a +0 dagger
 s - a cursed -3 spear
Armour
 e - a +0 robe
 n - a +0 leather armour (worn)
 p - a +0 scale mail
 r - a +0 helmet
Scrolls
 h - a scroll of teleportation {unknown}
 i - a scroll of enchant weapon {unknown}
 j - a scroll of recharging {unknown}
 q - a scroll of random uselessness {unknown}
Potions
 d - a potion of brilliance {unknown}
 f - a potion of resistance {unknown}
Books
 b - a book of Necromancy

   Spells                             Type                      Level
   a - Pain                           Necromancy                   1
   b - Animate Skeleton               Necromancy                   1
   c - Vampiric Draining              Necromancy                   3
   d - Regeneration                   Charms/Necromancy            3
   e - Animate Dead                   Necromancy                   4
   f - Control Undead                 Necromancy                   4
Comestibles
 c - 2 bread rations
 k - a royal jelly


   Skills:
 - Level 2.1 Dodging
 - Level 2.4 Stealth
 - Level 3.3 Spellcasting
 + Level 7.5 Necromancy


You had 7 spell levels left.
You knew the following spells:

 Your Spells              Type           Power        Failure   Level  Hunger
a - Pain                  Necr           ####         1%          1    None
v - Vampiric Draining     Necr           ####......   2%          3    ###....


Dungeon Overview and Level Annotations

Branches:
Dungeon (5/15)             Temple (1/1) D:5

Altars:
Ashenzari
Cheibriados
Gozag
Kikubaaqudgha
Makhleb
Nemelex Xobeh
Qazlal

Shops:
D:4 *

Annotations:
D:4 exclusion: frilled lizard, Eustachio, Natasha


Innate Abilities, Weirdness & Mutations

You are resistant to damage.
You can heal yourself by infusing magical energy.
You passively map a small area around you.
You do not regenerate.


Message History

The hornet zombie hits you!
* * * LOW HITPOINT WARNING * * *
Unknown command.
Unknown command.
Unknown command.
You hit the hornet zombie.
Lightning courses through the hornet zombie!
The hornet zombie is heavily damaged.
The hornet zombie closely misses you.
Unknown command.
You hit the hornet zombie but do no damage.
The hornet zombie is heavily damaged.
The hornet zombie barely misses you.
The hornet zombie hits you but does no damage.
Unknown command.
You hit the hornet zombie but do no damage.
The hornet zombie is heavily damaged.
The hornet zombie hits you!
You die...
Your body crumbles into a pile of gold.

. ..###.........# *
#.*.............# .... ,
#.####..........# #... *
, ,
###.............Z.###..#
,
............#####.......
, ** #...#.8.8.8..#
#.###... ,
#...#..⌠(⌠...# #...#.#.
### *
#.....8Z>.8..####...#...
..
#......@.⌠..............
#.
#...#.8.8.8...####...###
.#########...........#.#
#......
.##.............#..###.#
##....##
.##.######........## #.#
#.....#. .......#
#......######.###.###.#.
..##.#.#
#......'....#.#.......#.
..##.#.#
####...####.#.#.#.#####.
.....#.# #...#
#.#.#.#.#....[


You could see a hornet zombie.

Vanquished Creatures
  A hippogriff (D:4)
  A hound (D:4)
  An iguana (D:4)
  2 worker ants (D:4)
  A hound zombie (D:5)
  A gnoll (D:4)
  3 adders
  2 dart slugs
  2 leopard geckos (D:4)
  5 orcs (D:3)
  A giant cockroach (D:5)
  2 goblins
  2 hobgoblins
  A rat (D:1)
25 creatures vanquished.

Notes
Turn   | Place    | Note
-------+----------+-------------------------------------------
     0 | D:1      | letownia2 the Deep Dwarf Necromancer began the quest for the Orb.
     0 | D:1      | Reached XP level 1. HP: 15/15 MP: 3/3
   308 | D:2      | Reached XP level 2. HP: 19/22 MP: 0/5
   462 | D:3      | Found a burning altar of Makhleb.
   570 | D:3      | Reached XP level 3. HP: 24/28 MP: 3/6
   584 | D:3      | Learned a level 3 spell: Vampiric Draining
   644 | D:3      | Reached skill level 5 in Necromancy
   908 | D:4      | Noticed Natasha
  1046 | D:4      | Found Loheyf's Assorted Antiques.
  1151 | D:4      | Reached XP level 4. HP: 10/36 MP: 1/8
  1408 | D:4      | Reached XP level 5. HP: 32/42 MP: 1/10
  1633 | D:4      | Reached skill level 6 in Necromancy
  1676 | D:4      | Noticed Eustachio
  1698 | D:5      | Entered Level 5 of the Dungeon
  1698 | D:5      | Noticed a hippogriff
  1803 | D:4      | Killed a hippogriff
  1803 | D:4      | Reached skill level 7 in Necromancy
  1803 | D:4      | Reached XP level 6. HP: 11/49 MP: 0/11
  1933 | D:5      | Found a staircase to the Ecumenical Temple.
  2009 | Temple   | Entered the Ecumenical Temple
  2053 | Temple   | Became a worshipper of Gozag Ym Sagoz the Greedy
  2102 | D:5      | Slain by a hornet zombie

Skill      XL: |  1  2  3  4  5 |
---------------+----------------+-----
Spellcasting   | 2 3 |  3.3
Necromancy     | 5 7 |  7.5
Dodging        | |  2.1
Stealth        | |  2.4

Action                   |  1- 3 |  4- 6 || total
-------------------------+-------+-------++-------
Melee: Dagger            |     5 |       ||     5
       Whip              |     4 |    15 ||    19
Throw: Javelin           |       |     2 ||     2
 Cast: Pain              |    40 |     8 ||    48
       Vampiric Draining |     1 |    14 ||    15
 Stab: Sleeping          |       |     1 ||     1
  Eat: Chunk             |     1 |     4 ||     5
Armor: Robe              |     2 |       ||     2
       Leather armour    |       |     4 ||     4
Dodge: Dodged            |    13 |    26 ||    39
